 Dungeon Crawl Stone Soup version 0.16-a0-296-gbdb9f68 (webtiles) character file.

39 Kashira the Sneak (level 3, -1/28 HPs)
             Began as a Naga Enchanter on Aug 29, 2014.
             Killed by divine providence
             ... invoked by an orc priest
              (12 damage)
             ... on Level 1 of the Dungeon.
             The game lasted 00:05:50 (1347 turns).

Kashira the Sneak (Naga Enchanter)                  Turns: 1347, Time: 00:05:50

HP  -1/28        AC  4     Str 10      XL: 3   Next: 45%
MP   5/6         EV 10     Int 15      God:
Gold 50          SH  0     Dex 12      Spells:  3 memorised,  1 level left

rFire  . . .     SeeInvis +     a - +1 dagger
rCold  . . .     Clarity  .     b - +1 robe
rNeg   . . .     rCorr    .     (no shield)
rPois  +         rRot     .     (no helmet)
rElec  .         Spirit   .     (no cloak)
SustAb .         Warding  .     e - +0 pair of gloves
rMut   .         Stasis   .     (no barding)
Gourm  .                        (no amulet)
MR     .....                    (no ring)
                                (no ring)

@: very slow, not resistant to hostile enchantments, fairly stealthy
A: spit poison, see invisible, deformed body, poison resistance, slowness 2, AC
+1
a: Spit Poison


You were on level 1 of the Dungeon.
You were not hungry.

You visited 1 branch of the dungeon, and saw 1 of its levels.

You collected 50 gold pieces.

Inventory:

Hand weapons
 a - a +1 dagger (weapon)
Armour
 b - a +1 robe (worn)
 e - a +0 pair of gloves (worn)
Comestibles
 d - 2 bread rations
 j - 2 rotting chunks of hobgoblin flesh
Scrolls
 f - a scroll of enchant weapon {unknown}
 g - a scroll of recharging {unknown}
 i - a scroll of identify {unknown}
 k - a scroll of magic mapping {unknown}
Potions
 h - a potion of curing {unknown}
Books
 c - a book of Maledictions

   Spells                             Type                      Level
   *Corona                            Hexes                        1
   *Sure Blade                        Hexes/Charms                 2
   *Ensorcelled Hibernation           Hexes/Ice                    2
   Confuse                            Hexes                        3
   Dazzling Spray                     Conjuration/Hexes            3
   Enslavement                        Hexes                        4


   Skills:
 + Level 1.3 Short Blades
 + Level 1.8 Dodging
 + Level 4.6 Stealth
 + Level 2.3 Spellcasting
 + Level 3.6 Hexes
 + Level 0.2 Charms


You had one spell level left.
You knew the following spells:

 Your Spells              Type           Power        Failure   Level  Hunger
a - Corona                Hex            ##.....      6%          1    #......
b - Ensorcelled Hibernat  Hex/Ice        #.....       17%         2    ##.....
c - Sure Blade            Hex/Chrm       #.........   14%         2    ##.....


Dungeon Overview and Level Annotations

Branches:
Dungeon (1/15)

Altars:


Innate Abilities, Weirdness & Mutations

You cannot wear boots.
You can spit poison.
Your serpentine skin is tough (AC +1).
You have supernaturally acute eyesight.
Armour fits poorly on your strangely shaped body.
Your system is resistant to poisons.
You cover ground very slowly.


Message History

You slash the rat!
You kill the rat!
You now have 50 gold pieces (gained 7).
Ugh!
There is something really disgusting in your inventory. (slot j)
An orc comes into view. It is wielding a club.
Casting: Sure Blade
Confirm with . or Enter, or press ? or * to list all spells.
Aiming: Corona
Press: ? - help, Shift-Dir - straight line, f - orc
Aim: an orc, wielding a club and wearing a leather armour (hasn't noticed you)
The orc is outlined in light.
An orc priest comes into view. It is wielding a hand axe.
The orc priest shouts!
The orc priest invokes the aid of Beogh against you.
Something smites you! The orc closely misses you.
The orc stops glowing.
The orc misses you. The orc hits you with a club.
The orc priest invokes the aid of Beogh against you.
Something smites you!
You die...

..######### #.##.# #.# ..
......#############....###.####..
...)..'.........................>
......####################.####..
......# #.........# #.# #.
......####.........# #.# ###.
...##..............# #.# #...
.####..........######### #.# #.#(
...............o@......###%# #.#.
....#..........#######..##.# #...
###.#........o...# #.##.###.)%
....#.#.####.....######.#........
#####.#.# #..........#.#######..
##......# #.....####.#.#.....#..
...##.#########+## #.#.#.....#..
###........# #.# #.#......<##. #
#........# #.#####.#.#.....##.


You could see an orc priest and an orc.

Vanquished Creatures
  2 giant mites (D:1)
  A giant gecko (D:1)
  An ooze (D:1)
  A giant cockroach (D:1)
  4 hobgoblins (D:1)
  A bat (D:1)
  9 goblins (D:1)
  A kobold (D:1)
  2 rats (D:1)
22 creatures vanquished.

Notes
Turn   | Place    | Note
--------------------------------------------------------------
     0 | D:1      | Kashira, the Naga Enchanter, began the quest for the Orb.
     0 | D:1      | Reached XP level 1. HP: 15/15 MP: 3/3
    85 | D:1      | Reached XP level 2. HP: 8/22 MP: 1/4
   384 | D:1      | Learned a level 2 spell: Ensorcelled Hibernation
   387 | D:1      | Learned a level 2 spell: Sure Blade
   581 | D:1      | Reached XP level 3. HP: 3/28 MP: 4/6
  1347 | D:1      | Killed from afar by an orc priest

Action                   || total
-------------------------++-------
Melee: Dagger            ||    74
 Cast: Corona            ||    15
       Sure Blade        ||     6
 Stab: Sleeping          ||     5
  Eat: Chunk             ||     2
